 Dungeon Crawl Stone Soup version 0.17.0-56-gd8de76c (webtiles) character file.

172 gorblad the Skirmisher (level 5, 0/42 HPs)
             Began as a Demonspawn Abyssal Knight on Dec 6, 2015.
             Was a Believer of Lugonu.
             Killed by divine providence
             ... invoked by an orc priest
              (16 damage)
             ... on level 3 of the Dungeon.
             The game lasted 00:08:50 (3110 turns).

gorblad the Skirmisher (Demonspawn Abyssal Knight)  Turns: 3110, Time: 00:08:50

Health: 0/42       AC: 10    Str: 13    XL:     5   Next: 27%
Magic:  7/7        EV: 11    Int: 13    God:    Lugonu [**....]
Gold:   113        SH:  0    Dex: 13    Spells: 0 memorised, 4 levels left

rFire  + . .     SeeInvis .     a - +1 falchion
rCold  . . .     Clarity  .     n - +1 scale mail {rF+}
rNeg   . . .     SustAt   .     (no shield)
rPois  .         Gourm    .     (helmet restricted)
rElec  .         Spirit   .     i - +2 cloak
rCorr  .         Warding  .     (no gloves)
rMut   .         Stasis   .     (no boots)
MR     .....                    (no amulet)
Stlth  ..........               (no ring)
                                (no ring)

@: not resistant to hostile enchantments, extremely unstealthy
A: antennae 1, repulsion field 1, powered by pain 1
a: Depart the Abyss, Bend Space, Renounce Religion


You were on level 3 of the Dungeon.
You worshipped Lugonu.
Lugonu was pleased with you.
You were hungry.

You visited 1 branch of the dungeon, and saw 3 of its levels.
You visited the Abyss 1 time.

You collected 113 gold pieces.

Inventory:

Hand Weapons
 a - a +1 falchion (weapon)
Armour
 b - a +0 leather armour
 i - a +2 cloak (worn)
 n - a +1 scale mail of fire resistance (worn)
Jewellery
 q - an uncursed ring of protection from cold {unknown}
Wands
 p - a wand of confusion (23)
Scrolls
 d - 2 scrolls of identify
 l - 2 scrolls of remove curse
 r - a scroll of fog {unknown}
Potions
 e - 2 potions of curing {unknown}
 f - a potion of mutation {unknown}
 g - a potion of flight {unknown}
 h - 2 potions of invisibility {unknown}
 m - a potion of lignification {unknown}
 s - a potion of brilliance {unknown}
Comestibles
 c - 3 bread rations
 j - 5 chunks of flesh
 k - a meat ration
 t - a beef jerky


   Skills:
 + Level 4.0 Fighting
 + Level 2.6 Long Blades
 + Level 2.5 Armour
 + Level 2.2 Dodging
 + Level 1.3 Stealth
 + Level 2.7 Invocations


You had 4 spell levels left.
You didn't know any spells.

Dungeon Overview and Level Annotations

Branches:
Dungeon (3/15)

Altars:
Nemelex Xobeh
Okawaru


Innate Abilities, Weirdness & Mutations

You have a pair of small antennae on your head.
You are surrounded by a mild repulsion field (EV +2).
You sometimes gain a little power by taking damage.


Message History

Lugonu accepts your kill.
You hit the orc.
The orc is moderately wounded.
The orc misses you.
You closely miss the orc.
The orc is moderately wounded.
The orc barely misses you.
You slash the orc!
The orc is almost dead.
The orc hits you but does no damage.
You hit the orc.
You kill the orc!
Lugonu accepts your kill.
You hit the orc.
You kill the orc!
Lugonu accepts your kill.
The orc priest miscasts a cantrip.
The orc priest mumbles some strange prayers to Beogh against you.
Something smites you!
You die...

#. #.# ####### .# #.#
#.....######## . #.#
#.....#......# #.#.. ##
####............# #.#.#######+#.
#.....$..#......# #.............
##........#....o@#####....###....
..........##'####.........#......
........#.##.# #.#####.#.#.#....
.....##.#.##.# #.#..............
.... #.#.#..####.#.#...###....##
... #.#.#####...#....#...#..#..
#.##.#.# #.#####..#.⌠.#..#.⌠
#.>.g#.# #........#...#≈≈#..
#.#..#.### ########.≈###≈≈≈≈##


You could see an orc priest.

Vanquished Creatures
  A jelly (D:3)
  Ijyb (D:3)
  Terence (D:2)
  2 adders (D:2)
  2 worms (D:2)
  3 giant geckos
  5 orcs (D:3)
  3 giant cockroaches
  10 goblins
  7 hobgoblins
  4 jackals (D:2)
  5 kobolds
  8 bats
  A giant newt (D:3)
  7 rats
60 creatures vanquished.

Notes
Turn   | Place    | Note
--------------------------------------------------------------
     0 | Abyss:1  | gorblad the Demonspawn Abyssal Knight began the quest for the Orb.
     0 | Abyss:1  | Reached XP level 1. HP: 18/18 MP: 2/2
    49 | D:1      | Escaped the Abyss
   578 | D:1      | Reached * piety under Lugonu
   613 | D:1      | Gained mutation: You sometimes gain a little power by taking damage. [demonic ancestry]
   613 | D:1      | Reached XP level 2. HP: 18/24 MP: 3/3
  1462 | D:2      | Noticed Terence
  1481 | D:2      | Killed Terence
  1481 | D:2      | Reached skill level 1 in Dodging
  1481 | D:2      | Gained mutation: You have a pair of small antennae on your head. [demonic ancestry]
  1481 | D:2      | Reached XP level 3. HP: 4/30 MP: 3/5
  1725 | D:2      | Reached skill level 1 in Stealth
  1871 | D:2      | Gained mutation: You are surrounded by a mild repulsion field (EV +2). [demonic ancestry]
  1871 | D:2      | Reached XP level 4. HP: 18/37 MP: 6/6
  1991 | D:2      | Reached ** piety under Lugonu
  2608 | D:3      | Found a sparkling altar of Nemelex Xobeh.
  2627 | D:3      | Noticed Ijyb
  2914 | D:3      | Found an iron altar of Okawaru.
  3097 | D:3      | Killed Ijyb
  3097 | D:3      | Reached skill level 4 in Fighting
  3097 | D:3      | Reached XP level 5. HP: 14/42 MP: 7/7
  3110 | D:3      | Killed from afar by an orc priest

Action                   |  1- 3 |  4- 6 || total
-------------------------+-------+-------++-------
Melee: Falchion          |   134 |   128 ||   262
Invok: Depart the Abyss  |     1 |       ||     1
  Use: Scroll            |     3 |     1 ||     4
 Stab: Sleeping          |     1 |       ||     1
  Eat: Chunk             |     3 |     4 ||     7
